 Dungeon Crawl Stone Soup version 0.23.2-40-g277498a001 (webtiles) character file.

Game seed: 1692337421730246379

12 MalarOregon the Charmwright (level 2, -1/23 HPs)
             Began as a Merfolk Skald on Aug 23, 2019.
             Slain by a jackal (3 damage)
             ... on level 1 of the Dungeon.
             The game lasted 00:00:38 (200 turns).

MalarOregon the Charmwright (Merfolk Skald)          Turns: 200, Time: 00:00:38

Health: -1/23      AC:  3    Str: 11    XL:     2   Next: 33%
Magic:  5/5        EV: 12    Int: 12    God:
Gold:   35         SH:  0    Dex: 13    Spells: 4/5 levels left

rFire    . . .     SeeInvis .   a - +0 spear
rCold    . . .     Gourm    .   (no shield)
rNeg     . . .     Faith    .   b - +0 leather armour
rPois    .         Spirit   .   (no helmet)
rElec    .         Reflect  .   (no cloak)
rCorr    .         Harm     .   (no gloves)
MR       .....                  (no boots)
Stlth    +.........             (no amulet)
HPRegen  0.07/turn              (no ring)
MPRegen  0.09/turn              (no ring)

@: no status effects
A: change form in water, swift swim, stealthy swim
a: no special abilities


You were on level 1 of the Dungeon.
You were not hungry.

You visited 1 branch of the dungeon, and saw 1 of its levels.

You collected 35 gold pieces.

Inventory:

Hand Weapons
 a - a +0 spear (weapon)
Armour
 b - a +0 leather armour (worn)
Scrolls
 c - a scroll of magic mapping {unknown}
 h - 2 scrolls of identify {unknown}
Potions
 d - a potion of mutation {unknown}
 g - a potion of berserk rage {unknown}
Comestibles
 e - 2 rations {!d}
 f - 3 chunks of flesh


   Skills:
 * Level 2.4 Fighting
 * Level 3.3 Polearms
 + Level 0.8 Armour
 * Level 3.0 Dodging
 + Level 2.0 Spellcasting
 + Level 3.3 Charms


You had 4 spell levels left.
You knew the following spells:

 Your Spells              Type           Power        Failure   Level  Hunger
a - Infusion              Chrm           #...         9%          1    ##.....

Your spell library contained the following spells:

 Spells                   Type           Power        Failure   Level  Hunger
 Song of Slaying          Chrm           #.......     14%         2    ###....
 Shroud of Golubria       Chrm/Tloc      #.........   26%         2    ###....
 Regeneration             Chrm/Necr      #.........   47%         3    ####...
 Spectral Weapon          Hex/Chrm       #.......     47%         3    ####...


Dungeon Overview and Level Annotations

Branches:
Dungeon (1/15)

Altars:


Message History

A leopard gecko comes into view.
Attack whom?
Aim: a jackal You reach to attack!
The leopard gecko hisses angrily.
You hit the jackal but do no damage. The jackal bites you.
You closely miss the jackal. The jackal bites you.
You closely miss the jackal. The jackal barely misses you.
You closely miss the jackal.
The jackal bites you but does no damage. x3
You barely miss the jackal. The jackal bites you.
The goblin closely misses you. The jackal barely misses you.
The jackal misses you.
You hit the jackal but do no damage.
The jackal bites you but does no damage.
The jackal barely misses you. The jackal closely misses you.
The goblin hits you with a +0 dagger.
You hit the jackal. The jackal misses you. The jackal barely misses you.
The jackal bites you. The goblin closely misses you.
The jackal bites you but does no damage.
You hit the jackal.
You kill the jackal!
The jackal barely misses you. The jackal bites you.
The goblin hits you with a +0 dagger. The jackal bites you.
* * * LOW HITPOINT WARNING * * *
The jackal closely misses you. The jackal bites you.
* * * LOW HITPOINT WARNING * * *
The jackal bites you but does no damage.
Unknown command.
You hit the jackal. The jackal closely misses you.
You closely miss the jackal. The jackal completely misses you.
The jackal barely misses you.
Unknown command.
You hit the jackal.
You kill the jackal!
You barely miss the leopard gecko. The leopard gecko closely misses you.
The leopard gecko bites you but does no damage.
Unknown command.
You barely miss the leopard gecko. The leopard gecko closely misses you.
You barely miss the leopard gecko. The leopard gecko bites you.
* * * LOW HITPOINT WARNING * * *
You barely miss the leopard gecko. The leopard gecko bites you.
* * * LOW HITPOINT WARNING * * *
You hit the leopard gecko.
You kill the leopard gecko!
The jackal closely misses you.
Your leather armour prevents you from hitting the jackal.
The jackal bites you.
You die...

........†.......# .
...........### ...
.........#...#..#
.........#......# .P.
...........#.##.#
♣.... ........##.#...
#
#....#+##.....'.g#####
.......##.....##h#
.......##.....##@#
...........>..####
#...#.........#
..............###
.........#..^.'.#
........#.....#.#
...........)..#.#
.÷......#.....#.#
#.......#.....#.#


You could see a jackal and a goblin.

Vanquished Creatures
  A leopard gecko (D:1)
  2 goblins (D:1)
  3 jackals (D:1)
  2 bats (D:1)
  3 rats (D:1)
11 creatures vanquished.

Notes
Turn   | Place    | Note
-------+----------+-------------------------------------------
     0 | D:1      | MalarOregon the Merfolk Skald began the quest for the Orb.
     0 | D:1      | Reached XP level 1. HP: 16/16 MP: 3/3
   176 | D:1      | Reached XP level 2. HP: 23/23 MP: 5/5
   200 | D:1      | Slain by a jackal

Skill      XL: |  1 |
---------------+----+-----
Dodging        | 3 |  3.0
Fighting       | |  2.4
Polearms       | |  3.3
Armour         | |  0.8
Spellcasting   | |  2.0
Charms         | |  3.3

Action                   || total
-------------------------++-------
Melee: Spear             ||    38
Armor: Leather armour    ||    14
Dodge: Dodged            ||    22
